 Dungeon Crawl Stone Soup version 0.31-a0-202-g547052bce9 (webtiles) character file.

Game seed: 13434946170950263201

5 qw the Shooter (level 1, 0/12 HPs)
             Began as a Deep Elf Hunter on June 26, 2023.
             Slain by a worm (4 damage)
             ... on level 1 of the Dungeon.
             The game lasted 00:00:08 (701 turns).

qw the Shooter (Deep Elf Hunter)                     Turns: 701, Time: 00:00:08

Health: 0/12       AC:  3    Str:  8    XL:     1   Next: 66%
Magic:  3/3        EV: 12    Int: 13    God:
Gold:   85         SH:  0    Dex: 18    Spells: 0/0 levels left

rFire   + . .        Y - +0 shortbow
rCold   . . .        (shield currently unavailable)
rNeg    . . .        c - +0 leather armour
rPois   .            (no helmet)
rElec   .            (no cloak)
rCorr   .            (no gloves)
SInv    .            (no boots)
Will    .....        (no amulet)
Stlth   ++           i - ring of protection from fire
HPRegen 0.22/turn    (no ring)
MPRegen 0.08/turn

%: no passive effects
@: no status effects
A: no striking features
a: no special abilities


You were on level 1 of the Dungeon.
You visited 1 branch of the dungeon, and saw 2 of its levels.

You collected 85 gold pieces.


   Skills:
 - Level 1.5 Fighting
 + Level 5.7 Ranged Weapons
 - Level 2.4 Dodging
 - Level 1.2 Stealth


You couldn't memorise any spells.
You didn't know any spells.
Your spell library was empty.

Inventory:

Hand Weapons
 Y - a +0 shortbow (weapon)
Armour
 c - a +0 leather armour (worn)
Jewellery
 i - a ring of protection from fire (left hand)
Scrolls
 g - a scroll of identify
Potions
 d - a potion of curing
 f - a potion of degeneration {unknown}

Dungeon Overview and Level Annotations

Branches:
Dungeon (2/15)

Altars:


Message History

Done exploring.
669 ||| DROPPING scroll of butterflies.
You drop a scroll of butterflies.
Done exploring.
(D) Dungeon
Where to? (* - list waypoints, ? - help)
What level of the Dungeon? (default 1, ? - help)
There is a stone staircase leading down here.
You climb downwards.
Found 22 gold pieces and a flail.
Found a stone staircase leading down and a stone staircase leading up.
There is a stone staircase leading up here.
There are monsters nearby!
Waypoint 1 assigned to D:2.
You shoot an arrow. The arrow hits the worm!
The worm is moderately wounded.
You shoot an arrow. The arrow barely misses the worm.
You shoot an arrow. The arrow hits the worm!
The worm is almost dead.
You shoot an arrow. The arrow barely misses the worm.
You shoot an arrow. The arrow barely misses the worm.
The goblin closely misses you. The worm bites you!
Ouch! That really hurt!
The goblin hits you with a +0 club.
697 ||| STAIRDANCE The worm barely misses you.
The goblin hits you but does no damage.
You climb upwards.
There is a stone staircase leading down here.
Enter note:
Enter note:
Enter note: You shoot an arrow.
The arrow hits the worm.
The worm is severely wounded.
The goblin closely misses you.
You shoot an arrow.
The arrow hits the worm but does no damage.
The worm is severely wounded.
The worm completely misses you. The goblin closely misses you.
You shoot an arrow. The arrow hits the worm.
The worm is severely wounded.
The goblin barely misses you. The worm bites you.
You die...

#.....#.#.## #...............
###.....#....# #..#####.....###
.............# #............#
###..........#####.######.....#
..#.......#............##.....#
#.........#.#####...##.####.#.#
###.......#.#####...##.# #.#.#
####...#..#.##..w......# #.#.#
......##..#.....@g.....# #.#.#
########..####.........#
#.#.### # #...............#
#.#.... #
#..#######...#..####.#####
########%.# #...#.......#
.........%# ######.######
#######...# #.# # #)..# #.# #
#####...# #.#


You could see a worm and a goblin.

Vanquished Creatures
  A ball python (D:1)
  2 bats (D:1)
  2 frilled lizards (D:1)
  A kobold (D:1)
  A rat (D:1)
7 creatures vanquished.

Notes
Turn   | Place    | Note
-------+----------+-------------------------------------------
     0 | D:1      | qw the Deep Elf Hunter began the quest for the Orb.
     0 | D:1      | Reached XP level 1. HP: 12/12 MP: 3/3
     0 | D:1      | 0 ||| qw: Version: 0.3-a-22-g0ed2b0b
     0 | D:1      | 0 ||| qw: Game counter: 6288
     0 | D:1      | 0 ||| qw: Melee chars always use a shield: true
     0 | D:1      | 0 ||| qw: God list: Okawaru
     0 | D:1      | 0 ||| qw: Allow faded altars: false
     0 | D:1      | 0 ||| qw: Do Orc after clearing Dungeon:15 true
     0 | D:1      | 0 ||| qw: Do second Lair branch before Depths: true
     0 | D:1      | 0 ||| qw: Lair rune preference: random
     0 | D:1      | 0 ||| qw: Goals: Normal
     0 | D:1      | 0 ||| PLANNING D:1-11
   664 | D:1      | 664 ||| UPGRADING to ring of protection from fire.
   665 | D:1      | 665 ||| READING scroll labelled IBAEPPUNOUL.
   666 | D:1      | 666 ||| READING 3 scrolls labelled GAUMPINKINE.
   667 | D:1      | 667 ||| READING scroll labelled BEPENW MIERRAJU.
   668 | D:1      | 668 ||| READING 2 scrolls of identify.
   668 | D:1      | 668 ||| IDENTIFYING blue potion
   669 | D:1      | 669 ||| DROPPING scroll of butterflies.
   696 | D:2      | HP: 3/12 [worm (9)]
   697 | D:2      | 697 ||| STAIRDANCE
   701 | D:1      | Slain by a worm

Levels and vault maps discovered:
D:1:      scummos_arrival_gate, layout_loops_ring, minmay_misc_feat_cross
D:2:      layout_loops_corners, shapermc_ecumenical_altar_petra,
          nicolae_half_adder

Action                     || total
---------------------------++-------
   Fire: Shortbow          ||    20
    Use: Scroll            ||     4
 Armour: Leather armour    ||     3
  Dodge: Dodged            ||    12

Table legend:
 A = Non-vault XP
 B = Vault XP
 C = Vault XP percentage of total XP
 D = Non-vault monster count
 E = Vault monster count
 F = Vault count percentage of total count
                 A         B        C        D         E       F
            +---------+---------+-------+---------+---------+-------
      Total |       8 |       0 |   0.0 |       7 |       0 |   0.0
            +---------+---------+-------+---------+---------+-------
        D:1 |       8 |       0 |   0.0 |       7 |       0 |   0.0
            +---------+---------+-------+---------+---------+-------
